 Dungeon Crawl Stone Soup version 0.29-a0-222-g5b244fca1f (webtiles) character file.

Game seed: 5416917230200960471

497 jlumianski the Chopper (level 6, -1/46 HPs)
             Began as a Demonspawn Gladiator on Feb 27, 2022.
             Slain by an ogre
             ... wielding a +0 giant club
              (3 damage)
             ... on level 3 of the Dungeon.
             The game lasted 00:17:34 (4472 turns).

jlumianski the Chopper (Demonspawn Gladiator)       Turns: 4472, Time: 00:17:34

Health: -1/46      AC: 18    Str: 17    XL:     6   Next: 93%
Magic:  0/6        EV: 10    Int:  9    God:
Gold:   248        SH:  0    Dex: 14    Spells: 5/5 levels left

rFire   . . .      SeeInvis .   v - +4 whip (elec)
rCold   + . .      Faith    .   (no shield)
rNeg    . . .      Spirit   +   o - +7 Kryia's mail coat {PotionHeal*2 rC+}
rPois   .          Reflect  .   r - +1 helmet
rElec   .          Harm     .   g - +1 cloak
rCorr   .          Rampage  .   (no gloves)
Will    .....                   (no boots)
Stlth   +.........              q - amulet of guardian spirit
HPRegen 0.15/turn               (no ring)
MPRegen 0.20/turn               (no ring)

@: no status effects
A: magic regeneration, sharp scales 1, demonic touch 2
a: no special abilities


You were on level 3 of the Dungeon.
You visited 1 branch of the dungeon, and saw 5 of its levels.

You collected 248 gold pieces.

Inventory:

Hand Weapons
 a - a +0 war axe
 v - a +4 whip of electrocution (weapon)
Missiles
 d - 3 throwing nets
 h - 131 stones (quivered)
 x - 2 boomerangs
Armour
 b - a +0 leather armour
 c - a +0 helmet
 f - a +0 scale mail
 g - a +1 cloak (worn)
 o - the +7 Kryia's mail coat (worn) {PotionHeal*2 rC+}
   (You found it on level 2 of the Dungeon)

   Potions are twice as effective at healing its wearer.
   rC:        It protects you from cold.
 r - a +1 helmet (worn)
Jewellery
 q - an amulet of guardian spirit (around neck)
Wands
 s - a wand of acid (7)
Scrolls
 j - a scroll of fog
 l - 4 scrolls of teleportation
 m - 3 scrolls of silence
 u - a scroll of vulnerability
 w - a scroll of blinking {unknown}
 y - a scroll of noise {unknown}
Potions
 e - 2 potions of lignification
 i - a potion of haste
 k - 3 potions of curing
 n - 2 potions of might
 p - a potion of degeneration
 t - a potion of mutation
 z - a potion of attraction {unknown}


   Skills:
 + Level 2.9 Fighting
 + Level 5.1(5.2) Axes
 + Level 0.5(3.2) Maces & Flails
 + Level 1.8 Throwing
 + Level 2.2 Armour
 + Level 3.4 Dodging
 * Level 2.1 Stealth
 * Level 1.7 Evocations


You had 5 spell levels left.
You didn't know any spells.
Your spell library contained the following spells:

 Spells                   Type           Power      Damage    Failure   Level
 Magic Dart               Conj           0%         1d3       80%         1
 Call Imp                 Summ           0%         N/A       91%         2
 Mephitic Cloud           Conj/Pois/Air  0%         N/A       99%         3


Dungeon Overview and Level Annotations

Branches:
Dungeon (5/15)
 Temple: D:4-7

Altars:
Kikubaaqudgha

Shops:
D:1 [   D:3 [

Annotations:
D:3 3 runed translucent doors, jejorda2's ghost, weakling TeHu


Innate Abilities, Weirdness & Mutations

You regenerate magic rapidly.
You are partially covered in razor-sharp scales. (AC +1, Slay +1)
Your touch may inflict irresistible damage on your foes.


Message History

An ogre comes into view. It is wielding a +0 giant club.
The ogre shouts!
You hear a shout!
There is a stone staircase leading up here.
An ogre comes into view. It is wielding a +0 giant spiked club.
The ogre misses you.
You whack the ogre!
You touch the ogre.
The ogre is moderately wounded.
The ogre hits you with a +0 giant club!
There is a stone staircase leading up here.
You can't go down here!
The ogre misses you.
The ogre hits you with a +0 giant club!!
You climb upwards.
There is a stone staircase leading down here.
Things that are here:
a +0 short sword; a +0 dagger
There is a stone staircase leading up here.
Throw: 132 stones
Press: ? - help, Q - select action, (/) - cycle Shift-Dir - straight line, f - ogre
Aim: an ogre, wielding a +0 giant spiked club (75% to hit)
You throw a stone.
The stone hits the ogre but does no damage.
You hit the ogre.
The ogre is lightly wounded.
The ogre hits you but does no damage.
The ogre hits you with a +0 giant spiked club!
You climb upwards.
Level annotation: 3 runed translucent doors, jejorda2's ghost, weakling TeHu
There is a stone staircase leading down here.
You climb downwards.
The ogre hits you with a +0 giant club!
There is a stone staircase leading up here.
The ogre barely misses you.
The ogre hits you with a +0 giant club!!
* * * LOW HITPOINT WARNING * * *
You climb upwards.
Level annotation: 3 runed translucent doors, jejorda2's ghost, weakling TeHu
There is a stone staircase leading down here.
The ogre hits you but does no damage. The ogre hits you with a +0 giant club.
You die...

.......#.#.##.#.....#....#
.....###.#..#.#.#.###.####
.........#....#.....#.#
##########..#.#.......#
........##....#..#.####
........####..#..#.#
.................#.# ####
........###...#.##.# #####..#
........# #..>.O@..#####.8.##.#
........# #.#..O.....##.....#.#
........###.#.##..##.#..###W+.##
###.#....##.#......#.#(..KKK+..#
#.#.##.##.#..#...#.#$.###K+..#
#.#.##.##.#..#...#.##..KKK#..#
###.#.##.##....#.....###.8K##..#
....#.##.####.########.#####...#
#####.#........................#


You could see 2 ogres.

Vanquished Creatures
  A howler monkey (D:4)
  2 hounds (D:4)
  2 orc priests
  A gnoll shaman (D:4)
  Jessica (D:3)
  An iguana (D:4)
  Ijyb (D:3)
  3 orc wizards
  Robin (D:3)
  3 gnolls (D:4)
  3 dart slugs
  10 orcs
  11 ball pythons
  6 endoplasms
  4 giant cockroaches
  15 goblins
  10 hobgoblins
  9 jackals
  5 kobolds
  4 quokkas
  3 bats
  3 frilled lizards
  7 rats
106 creatures vanquished.

Vanquished Creatures (others)
  A fungus (D:3)
  4 plants
5 creatures vanquished.

Grand Total: 111 creatures vanquished

Notes
Turn   | Place    | Note
-------+----------+-------------------------------------------
     0 | D:1      | jlumianski the Demonspawn Gladiator began the quest for the
                  | Orb.
     0 | D:1      | Reached XP level 1. HP: 16/16 MP: 1/1
   176 | D:1      | Reached skill level 3 in Axes
   176 | D:1      | Gained mutation: Your touch may inflict minor irresistible
                  | damage on your foes. [demonic ancestry]
   176 | D:1      | Reached XP level 2. HP: 15/22 MP: 2/2
   889 | D:1      | Found a faded altar of an unknown god.
   951 | D:1      | Gained mutation: Your touch may inflict irresistible damage
                  | on your foes. [demonic ancestry]
   951 | D:1      | Reached XP level 3. HP: 27/27 MP: 3/3
  1421 | D:1      | Found Zaos Igo's Antique Armour Shop.
  1892 | D:2      | Reached skill level 1 in Armour
  1957 | D:2      | Found the +7 Kryia's mail coat {PotionHeal*2 rC+}
  2199 | D:2      | Reached XP level 4. HP: 34/34 MP: 4/4
  2357 | D:3      | Found Mogor's Armour Boutique.
  2357 | D:3      | Noticed Ijyb
  2358 | D:3      | Noticed Robin
  2367 | D:3      | Killed Ijyb
  2371 | D:3      | Killed Robin
  2372 | D:3      | Reached skill level 4 in Axes
  2502 | D:3      | Gained mutation: You regenerate magic rapidly. [demonic
                  | ancestry]
  2502 | D:3      | Reached XP level 5. HP: 11/39 MP: 1/5
  2742 | D:3      | Noticed Jessica
  2752 | D:3      | Killed Jessica
  2753 | D:3      | Reached skill level 1 in Stealth
  2766 | D:3      | Found an ancient bone altar of Kikubaaqudgha.
  2918 | D:3      | Found a runed translucent gate.
  2918 | D:3      | Found a runed translucent gate.
  2918 | D:3      | Found a runed translucent gate.
  2919 | D:3      | Noticed jejorda2's ghost (weakling TeHu)
  3412 | D:4      | Reached skill level 1 in Evocations
  3579 | D:4      | Gained mutation: You are partially covered in razor-sharp
                  | scales. (AC +1, Slay +1) [demonic ancestry]
  3579 | D:4      | Reached XP level 6. HP: 42/46 MP: 4/6
  3871 | D:4      | Reached skill level 5 in Axes
  4361 | D:5      | Entered Level 5 of the Dungeon
  4468 | D:4      | HP: 1/46 [ogre/+0 giant club (19)]
  4472 | D:3      | Slain by an ogre

Illustrated notes

Levels and vault maps discovered:
D:1:      co_arrival_hexagon_in_a_hexagon, layout_basic, serial_shops, shop,
          chequers_ecumenical_altar_island
D:2:      layout_basic
D:3:      layout_basic, old_standard_altar, gammafunk_ghost_nasty_kobolds,
          serial_shops, nicolae_square_shop, uniq_ijyb, uniq_jessica, uniq_robin
D:4:      layout_loops_ring
D:5:      layout_basic, serial_glass, glass_columns_c, glass_columns_a,
          glass_columns_c, glass_columns_b, uniq_crazy_yiuf_cottage

Skill      XL: |  1  2  3  4  5  6 |
---------------+-------------------+-----
Axes           | 3 4 5 |  5.1
Dodging        | 3 |  3.4
Armour         | 1 2 |  2.2
Stealth        | 1 2 |  2.1
Evocations     | 1 |  1.7
Fighting       | |  2.9
Maces & Flails | |  0.5
Throwing       | |  1.8

Action                   |  1- 3 |  4- 6 || total
-------------------------+-------+-------++-------
Melee: War axe           |   110 |    71 ||   181
       Punch             |     1 |     1 ||     2
       Touch             |    13 |    26 ||    39
       Whip              |       |    61 ||    61
Throw: Stone             |       |     1 ||     1
  Use: Scroll            |     4 |     4 ||     8
       Potion            |     2 |     1 ||     3
Armor: Leather armour    |    10 |       ||    10
       Scale mail        |    53 |    71 ||   124
Dodge: Dodged            |    73 |    88 ||   161

Table legend: (Time is in decaauts)
 A = Elapsed time spent in this place.
 B = Non-inter-level travel time spent in this place.
 C = Inter-level travel time spent in this place.
 D = Time resting spent in this place.
 E = Time spent auto-exploring this place.
 F = Levels seen in this place.
 G = Mean time per level.
                   A        B        C        D        E       F      G
               +--------+--------+--------+--------+--------+-----+--------+
         Total |   4519 |   4434 |     85 |    199 |   3109 |   5 |  903.8 |
       Dungeon |   4519 |   4434 |     85 |    199 |   3109 |   5 |  903.8 |
               +--------+--------+--------+--------+--------+-----+--------+

Top non-repeatable levels by time:
     D:1: 1502 daAuts
     D:3: 1105 daAuts
     D:4: 1081 daAuts
     D:2: 817 daAuts
     D:5: 11 daAuts
